 Dungeon Crawl Stone Soup version 0.30-a0-12-gd8047c6341 (webtiles) character file.

Game seed: 9069278280559423208

75 SensoryNuts the Chopper (level 4, -3/40 HPs)
             Began as a Hill Orc Monk on Aug 23, 2022.
             Was a Believer of Beogh.
             Slain by Sigmund
             ... wielding a +2 vorpal scythe
              (8 damage)
             ... on level 2 of the Dungeon.
             The game lasted 00:01:51 (1807 turns).

SensoryNuts the Chopper (Hill Orc Monk)             Turns: 1807, Time: 00:01:52

Health: -3/40      AC:  2    Str: 15    XL:     4   Next: 31%
Magic:  4/4        EV:  8    Int: 10    God:    Beogh [**....]
Gold:   97         SH:  0    Dex: 13    Spells: 3/3 levels left

rFire   . . .      SeeInvis .    a - +1 hand axe
rCold   . . .      Faith    .    m - +0 tower shield
rNeg    . . .      Spirit   .    b - +0 robe
rPois   .          Reflect  .    (no helmet)
rElec   .          Harm     .    (no cloak)
rCorr   .          Rampage  .    i - +0 pair of gloves
Will    .....                    (no boots)
Stlth   +.........               (no amulet)
HPRegen 0.13/turn                (no ring)
MPRegen 0.09/turn                (no ring)

@: confused, on berserk cooldown, slowed, very slow
A: deformed body, sense surroundings 1, MP-powered wands
a: Renounce Religion, Smiting


You were on level 2 of the Dungeon.
You worshipped Beogh.
Beogh was pleased with you.
You visited 1 branch of the dungeon, and saw 3 of its levels.

You collected 97 gold pieces.

Inventory:

Hand Weapons
 a - a +1 hand axe (weapon)
Armour
 b - a +0 robe (worn)
 i - a +0 pair of gloves (worn)
 m - a +0 tower shield (worn)
Scrolls
 d - a scroll of blinking {unknown}
 e - a scroll of vulnerability {unknown}
 g - a scroll of torment {unknown}
 h - 4 scrolls of teleportation
 k - a scroll of summoning {unknown}
Potions
 c - a potion of ambrosia
 f - a potion of brilliance {unknown}


   Skills:
 + Level 4.0 Fighting
 * Level 5.4 Axes
 + Level 2.8 Dodging
 + Level 1.8 Stealth
 + Level 1.1 Shields


You had 3 spell levels left.
You didn't know any spells.
Your spell library contained the following spells:

 Spells                   Type           Power      Damage    Failure   Level
 Magic Dart               Conj           0%         1d3       99%         1
 Shock                    Conj/Air       0%         1d3       99%         1
 Call Imp                 Summ           0%         N/A       100%        2
 Mephitic Cloud           Conj/Pois/Air  0%         N/A       100%        3
 Swiftness                Air            0%         N/A       100%        3
 Airstrike                Air            0%         2d(0-16)  100%        4


Dungeon Overview and Level Annotations

Branches:
Dungeon (3/15)

Altars:

Annotations:
D:2 Sigmund
D:3 Robin


Innate Abilities, Weirdness & Mutations

Armour fits poorly on your strangely shaped body.
You passively map a small area around you.
You expend magic power (3 MP) to strengthen your wands.


Message History

A red film seems to cover your vision as you go berserk!
You feel yourself moving faster!
You feel mighty!
You feel a strong urge to attack something.
A quokka comes into view.
Sigmund hits you from afar with a +2 vorpal scythe.
You feel your anger nearly subside.
You are no longer berserk.
You are exhausted.
You feel yourself slow down.
You closely miss Sigmund. You block Sigmund's attack.
Sigmund hits you with a +2 vorpal scythe.
You hit Sigmund but do no damage. Sigmund casts a spell at you.
The puff of flame hits you! Sigmund casts a spell at you.
You resist with some effort.
You hit Sigmund.
Sigmund is lightly wounded.
Sigmund hits you with a +2 vorpal scythe!
* * * LOW HITPOINT WARNING * * *
You hit Sigmund.
Sigmund is moderately wounded.
You block Sigmund's attack. Sigmund casts a spell at you.
The magic dart hits you!
* * * LOW HITPOINT WARNING * * *
You hit Sigmund.
Sigmund is heavily wounded.
Sigmund gestures at you while chanting.
You are confused.
Sigmund barely misses you.
You barely miss Sigmund.
Sigmund is heavily wounded.
Sigmund barely misses you.
You hit Sigmund.
Sigmund is heavily wounded.
Sigmund mumbles some strange words.
Sigmund flickers and vanishes!
Deactivating autopickup; reactivate with Ctrl-A.
Something hits you!
You die...

* #.#...# * #.#
#.#..## #.#
#.#..#* , #.#
#.#...# *#.#
#...#.. ,##.##
#..###. * .r.,
#######..#.. **
#{#, .....#...#.#
#@#* *##...<....
#.# ##..###.###
#.# #...###.##.
#.# #.#........
#.# ####.#####.##.
#.# #....#####.#..
#.###.####........
#.##..# #.......†
#.##)## #........


You could see a quokka.

Vanquished Creatures
  Natasha (D:2)
  A worm (D:2)
  3 ball pythons
  2 bats
  5 endoplasms (D:1)
  A giant cockroach (D:1)
  3 hobgoblins
  5 jackals
  A frilled lizard (D:1)
  16 goblins
  A kobold (D:1)
  A rat (D:1)
40 creatures vanquished.

Vanquished Creatures (others)
  2 orcs (D:3)
2 creatures vanquished.

Grand Total: 42 creatures vanquished

Notes
Turn   | Place    | Note
-------+----------+-------------------------------------------
     0 | D:1      | SensoryNuts the Hill Orc Monk began the quest for the Orb.
     0 | D:1      | Reached XP level 1. HP: 19/19 MP: 1/1
   330 | D:1      | Found a faded altar of an unknown god.
   355 | D:1      | Reached XP level 2. HP: 23/27 MP: 2/2
   865 | D:1      | Gained mutation: You passively map a small area around you.
                  | [potion of mutation]
   865 | D:1      | Gained mutation: Armour fits poorly on your strangely
                  | shaped body. [potion of mutation]
   865 | D:1      | Gained mutation: You expend magic power (3 MP) to
                  | strengthen your wands. [potion of mutation]
   905 | D:2      | You fall into a shaft and drop 1 floor!
   915 | D:3      | Became a worshipper of Beogh the Brigand
   915 | D:3      | Reached * piety under Beogh
   915 | D:3      | Reached ** piety under Beogh
   938 | D:3      | Reached XP level 3. HP: 21/33 MP: 3/3
  1137 | D:3      | Noticed Robin
  1143 | D:3      | Reached skill level 5 in Axes
  1698 | D:2      | Noticed Natasha
  1704 | D:2      | Killed Natasha
  1705 | D:2      | Reached skill level 1 in Shields
  1705 | D:2      | Reached XP level 4. HP: 35/40 MP: 4/4
  1795 | D:2      | Noticed Sigmund
  1807 | D:2      | Slain by Sigmund

Illustrated notes

Levels and vault maps discovered:
D:1:      dpeg_arrival_snail, layout_basic, ebering_ecumenical_altar_sacrificial
D:2:      layout_rooms, uniq_sigmund, uniq_natasha
D:3:      layout_basic, uniq_robin, uniq_ijyb

Skill      XL: |  1  2  3 |
---------------+----------+-----
Axes           | 5 |  5.4
Fighting       | 4 |  4.0
Shields        | 1 |  1.1
Dodging        | |  2.8
Stealth        | |  1.8

Action                   |  1- 3 |  4- 6 || total
-------------------------+-------+-------++-------
Melee: Hand axe          |    97 |    13 ||   110
Invok: Convert to Beogh  |     1 |       ||     1
  Use: Potion            |     6 |     1 ||     7
       Scroll            |     4 |       ||     4
 Stab: Sleeping          |     5 |       ||     5
Armor: Robe              |    14 |     1 ||    15
Dodge: Dodged            |    40 |     2 ||    42
Block: Tower shield      |    49 |     6 ||    55

Table legend: (Time is in decaauts)
 A = Elapsed time spent in this place.
 B = Non-inter-level travel time spent in this place.
 C = Inter-level travel time spent in this place.
 D = Time resting spent in this place.
 E = Time spent auto-exploring this place.
 F = Levels seen in this place.
 G = Mean time per level.
                   A        B        C        D        E       F      G
               +--------+--------+--------+--------+--------+-----+--------+
         Total |   1859 |   1827 |     32 |      0 |   1466 |   3 |  619.7 |
       Dungeon |   1859 |   1827 |     32 |      0 |   1466 |   3 |  619.7 |
               +--------+--------+--------+--------+--------+-----+--------+

Top non-repeatable levels by time:
     D:1: 918 daAuts
     D:2: 632 daAuts
     D:3: 308 daAuts
